Map: Orbital Shipyard

Players

HzVee

  • Race: Protoss Protoss

Vector - Winner!

  • Race: Zerg Zerg
  • League: Grandmaster

VOD

Have the link to the VOD?

Description

Time

  • Played on: Oct. 2, 2015, 2:53 a.m.
  • Length: 14:41
Show
View Real Time Build Order
Export as new Build Order

HzVee Protoss 

Build Orders: Blink Stalkers 

Get SALT Encoding   

  12  0:01  Probe (Chrono Boost)  
  13  0:11  Probe (Chrono Boost)  
  14  0:23  Pylon  
  14  0:33  Probe (Chrono Boost)  
  15  0:42  Gateway  
  15  0:43  Probe (Chrono Boost)  
  16  0:52  Gateway  
  16  0:58  Assimilator  
  16  1:00  Probe (Chrono Boost)  
  17  1:09  Probe (Chrono Boost)  
  17  1:11  Assimilator  
  18  1:19  Probe (Chrono Boost)  
  19  1:31  Cybernetics Core  
  19  1:33  Zealot  
  21  1:41  Probe (Chrono Boost)  
  22  1:50  Probe (Chrono Boost)  
  23  2:03  Warp Gate (Chrono Boost)  
  23  2:04  Pylon  
  23  2:13  Pylon  
  23  2:22  Twilight Council, Zealot  
  25  2:27  Probe  
  26  2:36  Adept  
  28  2:39  Probe  
  31  2:51  Mothership Core  
  31  2:54  Blink (Chrono Boost)  
  31  3:12  Probe  
  32  3:20  Nexus  
  32  3:25  Pylon  
  32  3:31  Adept  
  34  3:50  Probe  
  35  4:02  Probe  
  36  4:03  Robotics Facility  
  36  4:11  Pylon  
  36  4:14  Probe  
  37  4:20  Adept  
  39  4:26  Probe  
  40  4:32  Stalker  
  42  4:39  Probe  
  42  4:40  Probe  
  44  4:50  Probe  
  44  4:51  Gateway, Probe  
  47  4:52  Observer (Chrono Boost)  
  47  5:00  Probe  
  47  5:02  Forge  
  48  5:10  Probe  
  48  5:12  Assimilator  
  49  5:21  Probe  
  50  5:29  Stalker x2  
  50  5:33  Probe  
  55  5:45  Immortal, Probe  
  55  5:46  Protoss Ground Weapons Level 1 (Chrono Boost)  
  60  5:58  Probe  
  60  6:00  Robotics Bay  
  60  6:02  Shield Upgrade (Chrono Boost)  
  61  6:10  Adept x3  
  67  6:31  Probe  
  68  6:38  Assimilator  
  68  6:41  Pylon  
  68  6:43  Extended Thermal Lance (Chrono Boost), Probe  
  68  6:44  Pylon  
  69  6:48  Pylon  
  69  6:56  Probe  
  70  7:01  Stalker  
  70  7:04  Stalker  
  70  7:06  Stalker  
  76  7:09  Nexus  
  76  7:12  Pylon  
  76  7:16  Pylon  
  76  7:20  Pylon  
  76  7:21  Colossus  
  82  7:26  Protoss Shields Level 1  
  82  7:40  Probe  
  83  7:52  Probe  
  83  7:54  Gateway  
  83  7:57  Gateway  
  84  8:04  Probe  
  85  8:13  Stalker x2  
  85  8:14  Stalker  
  85  8:16  Observer  
  92  8:23  Probe  
  93  8:28  Assimilator  
  93  8:32  Probe, Assimilator  
  93  8:36  Pylon  
  93  8:37  Stalker x2  
  93  8:38  Stalker  
  100  8:42  Probe  
  101  8:49  Stargate  
  101  8:50  Stargate  
  101  8:52  Probe  
  101  8:54  Pylon  
  102  9:00  Pylon  
  102  9:01  Stalker x2  
  102  9:02  Probe  
  107  9:18  Probe  
  108  9:28  Stalker x2, Probe  
  108  9:29  Stalker x2  
  117  9:38  Probe  
  117  9:44  Stalker  
  120  9:52  Probe  
  120  9:53  Fleet Beacon  
  121  10:01  Colossus  
  121  10:02  Probe  
  118  10:16  Carrier (Chrono Boost)  
  80  10:37  Stalker  
  80  10:38  Stalker  
  80  10:40  Stalker  
  74  10:48  Graviton Catapult  
  74  10:51  Zealot x2, Carrier (Chrono Boost)  
  74  10:54  Colossus  
  84  11:04  Stalker x2  
  84  11:05  Stalker  
  96  11:24  Stalker x2  
  89  11:36  Probe  
  82  11:44  Stalker x3  
  79  11:48  Probe, Immortal  
  79  11:49  Phoenix (Chrono Boost)  
  79  11:58  Probe  
  79  12:00  Probe  
  81  12:05  Phoenix (Chrono Boost)  
  76  12:10  Probe, Phoenix (Chrono Boost)  
  76  12:12  Probe  
  80  12:22  Probe  
  81  12:24  Probe  
  81  12:28  Immortal  
  74  12:34  Probe  
  74  12:37  Probe  
  71  12:46  Probe  
  71  12:49  Probe  
  71  12:51  Probe  
  66  13:01  Probe  
  67  13:39  Probe  
  68  13:45  Probe  
  60  14:09  Probe  
  58  14:10  Probe  
  48  14:21  Probe  
Show
View Real Time Build Order
Export as new Build Order

Vector Zerg - Winner!

Build Orders: 3 Hatch before Pool 

Get SALT Encoding   

  12  0:02  Drone  
  13  0:15  Drone  
  14  0:22  Overlord  
  14  0:26  Drone, Extractor  
  15  0:46  Drone x2  
  17  1:02  Drone  
  17  1:03  Drone  
  19  1:16  Hatchery  
  18  1:23  Drone  
  19  1:30  Hatchery  
  18  1:36  Spawning Pool  
  18  1:37  Drone  
  18  1:40  Drone  
  18  1:43  Drone  
  20  1:51  Drone  
  21  2:02  Overlord  
  21  2:13  Drone  
  22  2:23  Queen  
  22  2:24  Drone  
  22  2:29  Queen  
  27  2:33  Drone  
  27  2:34  Drone  
  29  2:38  Overlord  
  29  2:46  Drone x2  
  31  2:52  Drone  
  31  2:53  Drone  
  31  2:56  Drone  
  34  3:01  Spine Crawler  
  34  3:04  Drone x2  
  35  3:06  Spine Crawler  
  35  3:09  Spore Crawler  
  35  3:10  Drone  
  34  3:15  Spine Crawler  
  34  3:16  Drone x2  
  34  3:17  Spore Crawler, Drone  
  35  3:22  Queen  
  35  3:24  Drone  
  35  3:26  Drone  
  39  3:32  Drone x3  
  42  3:34  Drone  
  42  3:35  Drone  
  42  3:41  Drone x3  
  47  3:42  Drone  
  47  3:43  Drone  
  47  3:45  Drone  
  50  3:49  Extractor  
  50  3:51  Drone, Extractor x2  
  50  3:52  Extractor  
  50  3:53  Overlord  
  47  3:56  Overlord  
  47  4:04  Drone x3  
  47  4:06  Overlord  
  50  4:24  Drone x5  
  55  4:34  Drone x3  
  58  4:40  Drone x5  
  58  4:41  Drone  
  64  4:47  Drone, Extractor  
  64  4:48  Drone, Extractor  
  64  4:52  Metabolic Boost  
  64  4:53  Evolution Chamber x2  
  64  4:54  Roach Warren  
  64  4:59  Drone x5  
  67  5:00  Drone  
  67  5:13  Overlord x4  
  67  5:15  Lair  
  67  5:19  Zerg Melee Weapons Level 1  
  67  5:21  Zerg Missile Weapons Level 1  
  67  5:27  Hatchery, Zergling x14  
  73  5:37  Queen  
  73  5:41  Drone  
  76  5:48  Drone x3  
  76  5:49  Drone x2  
  81  5:54  Roach  
  81  5:55  Roach x7  
  97  6:21  Spire  
  97  6:24  Hydralisk Den  
  92  6:27  Roach  
  92  6:28  Roach x6  
  92  6:29  Overlord x4  
  106  6:35  Spine Crawler x2  
  106  6:37  Spine Crawler  
  103  6:43  Lurker Den  
  103  6:53  Roach x14  
  131  7:01  Overlord  
  131  7:08  Queen  
  133  7:35  Drone  
  133  7:36  Drone x8  
  142  7:37  Drone x6  
  148  8:04  Glial Reconstitution  
  148  8:06  Zerg Melee Weapons Level 2  
  148  8:08  Zerg Ground Armor Level 1  
  148  8:11  Zerg Flyer Weapons Level 1  
  148  8:15  Extractor  
  148  8:16  Drone x4  
  148  8:17  Drone, Extractor  
  151  8:33  Hatchery  
  149  8:39  Hatchery  
  145  8:47  Infestation Pit  
  144  9:28  Overlord  
  144  9:29  Overlord x4  
  144  9:35  Hive  
  144  9:37  Overlord x5  
  144  9:53  Mutalisk x7  
  144  9:54  Mutalisk x17  
  178  10:16  Hydralisk  
  178  10:17  Hydralisk x11  
  178  10:35  Hydralisk x3  
  170  10:36  Hydralisk x9  
  190  10:54  Muscular Augments  
  190  11:01  Ultralisk Cavern  
  189  11:11  Queen  
  189  11:13  Queen  
  179  12:46  Mutalisk x10  
  195  13:48  Extractor  
  195  13:52  Extractor  
Tags
 
Add a new tag
Caveats
  • Supply blocks, unpowered buildings, or Contaminate may cause inaccurate times.
  • Supply counts are checked every 10 seconds.